cohdb
Replays
Latest Replays
All Replays
Popular Replays
Top Player Replays
Match Explorer
How It Works
Community
CoH3 Stats
Reddit
Sign in to upload your games and track your stats! →
Sign in with Steam
Match 42098794
Unlisted
Match 42098794
Overview
Messages
Build Orders
End
Construct Section Command Post
Royal Engineer Section
Selects Canadian Shock Battlegroup
Infantry Section
Infantry Section
Construct Field Infirmary
Selects Attacking Spirit
Selects Canadian Shock Section
Grenade Package
Canadian Shock Section
Construct Platoon Command Post
Humber Armored Car
Selects Incendiary Munitions
6-pounder Anti-tank Gun Team
Selects Pyrotechnics
Construct Company Command Post
Infantry Section
Crusader II Medium Tank
qZeto
BIOHAZARD
pro.FM
Shivara
0
0
Comments
sign in to comment!
No comments posted yet!